AoeStats
← < blank >

Oasis

508624378Analyzed
2v2 RM · 10d ago on Sep 23, 2026· 40m 28s· 4 players
Game mode
Random Map
Map size
Medium (4 player)
Population
200
Speed
Normal
Resources
Standard
Victory
Conquest
Starting age
Dark Age
Ending age
Imperial Age
RankedLock teamsTeams togetherTeam positionsShared explorationLock speedFull tech treeHidden civsTurbo modeCheats
Victory
Defeat
🇩🇪 Mongols · Germany
1234
+12
🇹🇷 Danes · Türkiye
1202
+31
🇦🇺 Byzantines · Australia
1159
-13
🇦🇺 Ethiopians · Australia
1143
-13
uli2099
3:13 Loom
9:31 Feudal Age
10:28 Double-Bit Axe
14:48 Horse Collar
18:37 Gold Mining
21:24 Castle Age
19:42 Scale Barding Armor
22:40 Heavy Plow
22:54 Bow Saw
24:03 Chain Barding Armor
24:03 Bloodlines
26:23 Forging
27:52 Wheelbarrow
28:06 Iron Casting
28:44 Gold Shaft Mining
28:31 Stone Mining
31:52 Stone Shaft Mining
31:58 Hand Cart
34:02 Husbandry
34:19 Masonry
34:30 Ballistics
37:46 Imperial Age
34:44 Light Cavalry
37:30 Fletching
38:09 Bodkin Arrow
38:15 Onager
39:31 Bracer
40:32 Blast Furnace
40:38 Conscription
40:40 Drill
39:56 Elite Mangudai
zizu
10:00 Feudal Age
14:34 Castle Age
12:48 Double-Bit Axe
12:54 Horse Collar
15:34 Bow Saw
16:33 Heavy Plow
23:08 Wheelbarrow
22:26 Arson
23:12 Scale Mail Armor
23:21 Squires
24:49 Forging
24:53 Gold Mining
27:52 Chain Mail Armor
33:30 Imperial Age
31:27 Fletching
32:16 Thumb Ring
32:23 Town Watch
32:56 Hand Cart
33:19 Gold Shaft Mining
33:04 Bodkin Arrow
33:10 Padded Archer Armor
33:56 Husbandry
34:07 Bloodlines
34:18 Ballistics
33:44 Cranequins
34:58 Bracer
36:00 Chemistry
36:22 Leather Archer Armor
35:37 Heavy Mounted Crossbowman
36:47 Conscription
36:27 Loom
38:39 Ring Archer Armor
38:30 Elite Varangian Guard
38:56 Gambesons
39:42 Plate Mail Armor
39:48 Iron Casting
38:39 Hamask
39:22 Stone Mining
39:54 Northmen's Fury
Fred1001
9:21 Loom
11:28 Feudal Age
13:13 Double-Bit Axe
15:56 Castle Age
13:45 Horse Collar
18:05 Wheelbarrow
21:40 Bow Saw
22:20 Crossbowman
23:35 Hand Cart
23:55 Fletching
24:05 Padded Archer Armor
24:46 Bodkin Arrow
25:58 Ballistics
30:55 Thumb Ring
32:48 Stone Mining
32:50 Gold Mining
35:40 Elite Skirmisher
39:03 Leather Archer Armor
39:35 Heavy Plow
< blank >
7:17 Loom
10:39 Feudal Age
16:24 Castle Age
15:04 Double-Bit Axe
19:38 Wheelbarrow
19:40 Horse Collar
21:55 Bow Saw
25:43 Fletching
26:39 Gold Mining
27:13 Crossbowman
28:14 Heavy Plow
29:49 Gold Shaft Mining
30:23 Bodkin Arrow
30:29 Padded Archer Armor
30:24 Town Watch
32:01 Ballistics
31:59 Hand Cart
32:16 Stone Mining
33:27 Thumb Ring
33:50 Leather Archer Armor
38:01 Imperial Age
38:55 Bracer
39:27 Ring Archer Armor
38:25 Arbalester
40:32 Stone Shaft Mining
Connection lost

Rejoining the realm…

Still unreachable

The connection could not be restored.

Session expired

The server has moved on; the page needs a fresh start.